 Dungeon Crawl Stone Soup version 0.30-a0-718-geaa24f58ff (webtiles) character file.

Game seed: 15663664619598646124

12499 Darius099 the Grappler (level 11, -1/115 HPs)
             Began as a Troll Monk on Jan 25, 2023.
             Slain by an elephant (12 damage)
             ... on level 1 of the Lair of Beasts.
             The game lasted 00:31:51 (10863 turns).

Darius099 the Grappler (Troll Monk)                Turns: 10863, Time: 00:31:52

Health: -1/115     AC: 11    Str: 21    XL:     11   Next: 63%
Magic:  10/10      EV: 14    Int: 12    God:
Gold:   729        SH:  0    Dex: 16    Spells: 10/10 levels left

rFire   . . .      SeeInvis .      - Unarmed
rCold   . . .      Faith    .    (no shield)
rNeg    . . .      Spirit   .    F - +2 robe {Archmagi}
rPois   +          Reflect  .    (helmet restricted)
rElec   .          Harm     .    E - +0 cloak {rPois}
rCorr   .          Rampage  .    (gloves unavailable)
Will    .....      Archmagi +    (boots unavailable)
Stlth   ++                       L - amulet of the acrobat
HPRegen 1.19/turn                e - +6 ring of intelligence
MPRegen 0.12/turn                u - +4 ring of protection

@: no status effects
A: large, unfitting armour, claws 3, regeneration 1, shaggy fur 1, tough skin 1
a: no special abilities


You were on level 1 of the Lair of Beasts.
You visited 3 branches of the dungeon, and saw 13 of its levels.
You also visited: Sewer.

You collected 729 gold pieces.

Inventory:

Hand Weapons
 K - the +11 Singing Sword {sonic wave}
   (You found it on level 9 of the Dungeon)
Missiles
 N - 9 large rocks (quivered)
Armour
 y - a scarf of repulsion
 E - a +0 cloak of poison resistance (worn)
 F - a +2 robe of the Archmagi (worn)
 P - a +0 cloak of willpower
Jewellery
 e - a +6 ring of intelligence (left claw)
 u - a +4 ring of protection (right claw)
 x - a ring of protection from fire
 C - a ring of wizardry
 I - a ring of wizardry
 L - an amulet of the acrobat (around neck)
 M - a ring of protection from fire
 O - a ring of willpower
Wands
 n - a wand of polymorph (8)
 w - a wand of flame (16)
 D - a wand of paralysis (17)
 H - a wand of mindburst (10)
Scrolls
 c - 4 scrolls of teleportation {unknown}
 d - 5 scrolls of noise
 j - a scroll of poison {unknown}
 p - 3 scrolls of magic mapping
 r - 2 scrolls of blinking {unknown}
 s - 3 scrolls of butterflies {unknown}
 t - 2 scrolls of amnesia {unknown}
 v - 2 scrolls of enchant armour {unknown}
 z - 2 scrolls of fear {unknown}
 A - 2 scrolls of vulnerability {unknown}
 G - 2 scrolls of immolation {unknown}
Potions
 a - 2 potions of cancellation {unknown}
 b - 2 potions of ambrosia
 f - 4 potions of might
 g - 4 potions of lignification
 h - 4 potions of curing
 i - 2 potions of degeneration {unknown}
 k - 2 potions of attraction
 l - a potion of invisibility {unknown}
 m - a potion of experience {unknown}
 o - a potion of flight {unknown}
 q - 4 potions of heal wounds
 B - 5 potions of mutation
 J - a potion of brilliance {unknown}


   Skills:
 + Level 9.3 Fighting
 + Level 5.0 Long Blades
 + Level 9.3 Dodging
 - Level 1.0 Stealth
 - Level 10.1 Unarmed Combat


You had 10 spell levels left.
You didn't know any spells.
Your spell library contained the following spells:

 Spells                   Type           Power      Damage    Failure   Level
 Summon Small Mammal      Summ           0%         N/A       32%         1
 Ensorcelled Hibernation  Hex/Ice        0%         N/A       45%         2
 Call Canine Familiar     Summ           0%         N/A       69%         3
 Spider Form              Tmut/Pois      0%         N/A       69%         3
 Summon Guardian Golem    Hex/Summ       0%         N/A       69%         3
 Vhi's Electric Charge    Tloc/Air       0%         N/A       69%         3
 Anguish                  Hex/Necr       0%         N/A       97%         4
 Arcjolt                  Conj/Air       0%         1d10      100%        5
 Blade Hands              Tmut           0%         N/A       100%        5
 Irradiate                Conj/Tmut      0%         3d11      100%        5
 Conjure Ball Lightning   Conj/Air       0%         3x3d6     100%        6
 Dragon Form              Tmut           0%         N/A       100%        7
 Orb of Destruction       Conj           0%         9d5       100%        7
 Spellforged Servitor     Conj/Summ      0%         N/A       100%        7
 Discord                  Hex            0%         N/A       100%        8
 Disjunction              Tloc           0%         N/A       100%        8
 Maxwell's Capacitive Co  Air            0%         ∞         100%        8


Dungeon Overview and Level Annotations

Branches:
Dungeon (11/15)            Temple (1/1) D:5            Lair (1/5) D:11
    Orc (0/2) D:9           Sewer (visited)

Altars:
Ashenzari
Cheibriados
Dithmenos
Elyvilon
Fedhas
Gozag
Hepliaklqana
Kikubaaqudgha
Makhleb
Nemelex Xobeh
Okawaru
Qazlal
Ru
Trog
Uskayaw
Vehumet
Wu Jian
Xom
Yredelemnul
Zin
The Shining One

Shops:
D:1 [

Annotations:
D:4 Blork the orc


Innate Abilities, Weirdness & Mutations

You are too large for most types of armour.
You have claws for hands.
Your natural rate of healing is unusually fast.
You are covered in fur. (AC +1)
You have tough skin. (AC +1)


Message History

You claw the elephant!
The elephant is almost dead.
You mangle the elephant!!
You kill the elephant!
The elephant tramples you.
You hold your ground!
The elephant trunk-slaps you but does no damage.
The elephant tramples you!
* * * LOW HITPOINT WARNING * * *
You hold your ground!
The elephant trunk-slaps you but does no damage.
Your Long Blades skill increases to level 5!
The elephant completely misses you. x2
You see here an elephant corpse.
The elephant attacks as you move away! The elephant misses you.
The elephant trunk-slaps you but does no damage.
There is a staircase back to the Dungeon here.
The elephant tramples you!
* * * LOW HITPOINT WARNING * * *
You hold your ground!
The elephant trunk-slaps you but does no damage.
The elephant tramples you.
* * * LOW HITPOINT WARNING * * *
You stumble backwards!
You stop ascending the stairs.
You feel much better. The elephant attacks as you move away!
The elephant tramples you!
* * * LOW HITPOINT WARNING * * *
The elephant trunk-slaps you but does no damage.
The elephant completely misses you. The elephant misses you.
There is a stone staircase leading down here.
You scratch the elephant.
The elephant is lightly wounded.
The elephant closely misses you. The elephant completely misses you.
You scratch the elephant.
The elephant is lightly wounded.
The elephant tramples you!
* * * LOW HITPOINT WARNING * * *
You hold your ground!
The elephant trunk-slaps you but does no damage.
The elephant tramples you!
You die...

#### ... #### ..#
.##.#.## .P
.......# ###.#
......####.#.####..
#..Y..†.†.......
##YY.<..$.###..
#@###..### ### #.$#
#..# .... .#..##
##.... ....


You could see 3 elephants.

Vanquished Creatures
  3 death yaks
  A two-headed ogre (D:9)
  A cyclops (D:11)
  A manticore (D:11)
  3 elephants (Lair:1)
  An unseen horror (D:11)
  A komodo dragon (D:11)
  A troll (D:10)
  Grinder (D:6)
  A shadow (D:11)
  5 wraiths
  2 wyverns
  8 yaks
  2 vampires
  2 steam dragons
  2 acid dragons (D:9)
  2 orc warriors (D:10)
  Duvessa (D:5)
  2 water moccasins
  Pargi (Sewer)
  A sky beast (D:4)
  3 black bears
  An ogre (D:7)
  2 centaurs
  2 kobold brigands
  3 bullfrogs
  4 necrophages
  A gnoll sergeant (D:10)
  6 scorpions
  Dowan (D:5)
  21 killer bees
  Crazy Yiuf (D:5)
  6 hounds
  A gnoll bouda (D:5)
  7 orc priests
  2 jellies
  Natasha (thrice) (D:3)
  Jessica (D:3)
  2 iguanas
  Terence (D:3)
  6 orc wizards
  A hell rat (D:10)
  Robin (D:3)
  13 gnolls
  13 adders
  A river rat (D:10)
  A shadow imp (D:7)
  2 white imps (D:6)
  A worm (D:4)
  4 dart slugs
  35 orcs
  8 endoplasms
  11 giant cockroaches
  11 goblins
  11 hobgoblins
  3 jackals (D:4)
  3 quokkas
  12 ball pythons
  11 bats
  12 frilled lizards
  20 kobolds
  5 rats
295 creatures vanquished.

Vanquished Creatures (others)
  4 fungi (D:9)
  2 plants
6 creatures vanquished.

Grand Total: 301 creatures vanquished

Notes
Turn   | Place    | Note
-------+----------+-------------------------------------------
     0 | D:1      | Darius099 the Troll Monk began the quest for the Orb.
     0 | D:1      | Reached XP level 1. HP: 22/22 MP: 0/0
    73 | D:1      | Reached XP level 2. HP: 29/29 MP: 1/1
   135 | D:1      | Found Meikoin's Antique Armour Shop.
   182 | D:1      | Reached skill level 4 in Unarmed Combat
   397 | D:1      | Reached XP level 3. HP: 36/36 MP: 2/2
  1436 | D:3      | Noticed Jessica
  1441 | D:3      | Killed Jessica
  1442 | D:3      | Reached skill level 5 in Unarmed Combat
  1442 | D:3      | Reached XP level 4. HP: 44/44 MP: 3/3
  1470 | D:3      | Found a glowing drain.
  1480 | D:3      | Noticed Terence
  1518 | D:3      | Killed Terence
  1549 | Sewer    | Entered a sewer
  1583 | Sewer    | Reached XP level 5. HP: 50/50 MP: 4/4
  1587 | Sewer    | Noticed Pargi
  1594 | Sewer    | Killed Pargi
  1595 | Sewer    | Reached skill level 6 in Unarmed Combat
  1708 | D:3      | Noticed Natasha
  1714 | D:3      | Killed Natasha
  1795 | D:3      | Noticed Natasha
  1796 | D:3      | Reached XP level 6. HP: 59/59 MP: 5/5
  1818 | D:3      | Killed Natasha
  1820 | D:3      | Noticed Robin
  1829 | D:3      | Reached skill level 7 in Unarmed Combat
  1836 | D:3      | HP: 1/59 [orc priest/divine providence (11)]
  1908 | D:3      | Killed Robin
  2037 | D:3      | Noticed Natasha
  2506 | D:3      | Killed Natasha
  2755 | D:4      | Found an iron altar of Okawaru.
  2830 | D:4      | Reached skill level 8 in Unarmed Combat
  2830 | D:4      | Reached XP level 7. HP: 66/66 MP: 6/6
  2971 | D:4      | Reached skill level 9 in Unarmed Combat
  3327 | D:4      | Found a shimmering altar of Xom.
  3440 | D:4      | Noticed Blork the orc
  3810 | D:5      | Entered Level 5 of the Dungeon
  3818 | D:5      | Reached XP level 8. HP: 72/74 MP: 7/7
  3822 | D:5      | Reached skill level 10 in Unarmed Combat
  3935 | D:5      | Found an ancient bone altar of Kikubaaqudgha.
  4128 | D:5      | Found a runed translucent door.
  4129 | D:5      | Noticed Crazy Yiuf
  4138 | D:5      | Killed Crazy Yiuf
  4140 | D:5      | Identified the +0 hammer of the Lamprey {elec, rPois Int-2
                  | Dex+3}
  4251 | D:5      | Noticed Duvessa
  4254 | D:5      | Noticed Dowan
  4261 | D:5      | Killed Duvessa
  4268 | D:5      | Killed Dowan
  4460 | D:5      | Found a staircase to the Ecumenical Temple.
  4464 | Temple   | Entered the Ecumenical Temple
  4809 | D:6      | Found a sparkling altar of Nemelex Xobeh.
  4810 | D:6      | Found a hazy altar of Hepliaklqana.
  4911 | D:6      | Noticed Grinder
  4911 | D:6      | Paralysed by Grinder for 3 turns
  4919 | D:6      | Killed Grinder
  4920 | D:6      | Reached XP level 9. HP: 87/87 MP: 8/8
  6066 | D:7      | Reached skill level 5 in Fighting
  6066 | D:7      | Reached skill level 5 in Dodging
  6603 | D:8      | Found a white marble altar of Elyvilon.
  6737 | D:8      | Found a bloodstained altar of Trog.
  7303 | D:8      | Identified the +3 leather armour of Submission {rC+ Str+3}
  7324 | D:8      | Found a broken altar of Ashenzari.
  7631 | D:9      | Reached XP level 10. HP: 98/100 MP: 9/9
  7722 | D:9      | Found a stormy altar of Qazlal.
  7777 | D:9      | Noticed a two-headed ogre
  7790 | D:9      | Killed a two-headed ogre
  7867 | D:9      | Found the +11 Singing Sword {sonic wave}
  8149 | D:9      | Found a staircase to the Orcish Mines.
  8243 | D:9      | Reached skill level 1 in Long Blades
  8499 | D:10     | Entered Level 10 of the Dungeon
  8926 | D:10     | Found a glowing silver altar of Zin.
  8927 | D:10     | Found an opulent altar of Gozag.
  9673 | D:11     | Noticed a death yak
  9675 | D:11     | Noticed a death yak
  9687 | D:11     | Noticed a death yak
  9708 | D:10     | Killed a death yak
  9709 | D:10     | Reached XP level 11. HP: 58/113 MP: 10/10
  9779 | D:10     | Killed a death yak
  9877 | D:11     | Killed a death yak
  9910 | D:11     | Found a staircase to the Lair.
 10825 | Lair:1   | Entered Level 1 of the Lair of Beasts
 10856 | Lair:1   | Reached skill level 5 in Long Blades
 10863 | Lair:1   | Slain by an elephant

Illustrated notes

Levels and vault maps discovered:
D:1:      dpeg_arrival_stonehenge_8_columns, layout_rooms, serial_shops, shop,
          minmay_splitting_lines, nicolae_eternal_life, moated_statue,
          chequers_serial_rivers_room_b
D:2:      layout_basic
D:3:      layout_basic, gup_sewer_entry_glass, uniq_terence, uniq_robin,
          uniq_jessica, uniq_natasha
D:4:      minmay_chambers_of_twos, layout_basic, xom_confusion_cloud,
          mainiacjoe_overflow_brackets, tgw_sif
D:5:      layout_basic, lemuel_round_altar, minmay_temple_entry_glassed_door,
          uniq_crazy_yiuf_cottage, uniq_duvessa
D:6:      layout_layer_cave, mainiacjoe_overflow_alcove_2,
          mainiacjoe_overflow_chevrons, grunt_decor_resistance,
          uniq_blork_the_orc, uniq_grinder
D:7:      layout_cave_pools
D:8:      layout_basic, lightli_temple_of_fire, elyvilon_altar_5,
          kennysheep_mini, dk_rats_in_the_wall
D:9:      old_forge, layout_irregular_city, nicolae_qazlal_general_emergency,
          orc_0_dummy
D:10:     layout_loops_corners, grunt_temple_overflow_gold_and_silver
D:11:     minmay_recursive_quarters, layout_basic, dpeg_lair_monsters
Temple:   nicolae_temple_two_arcs
Lair:1:   layout_loops_ring, infiniplex_staircase_pool_2

Skill      XL: |  1  2  3  4  5  6  7  8  9 10 11 |
---------------+----------------------------------+-----
Unarmed Combat | 4 5 6 8 9 10 | 10.1
Fighting       | 4 6 8 9 |  9.3
Dodging        | 4 6 8 9 |  9.3
Long Blades    | 3 5 |  5.0
Stealth        | |  1.0

Action                     |  1- 3 |  4- 6 |  7- 9 | 10-12 || total
---------------------------+-------+-------+-------+-------++-------
  Melee: Unarmed           |    95 |   175 |   318 |   314 ||   902
         Punch             |     4 |     1 |    20 |    21 ||    46
    Use: Potion            |       |     1 |       |     2 ||     3
         Scroll            |       |       |     6 |     1 ||     7
   Stab: Sleeping          |     6 |     3 |     5 |     3 ||    17
 Armour: Robe              |    29 |    40 |   120 |   122 ||   311
         Skin              |       |     1 |       |       ||     1
  Dodge: Dodged            |    49 |    78 |   187 |   241 ||   555
         Repelled          |       |       |     1 |       ||     1

Table legend: (Time is in decaauts)
 A = Elapsed time spent in this place.
 B = Non-inter-level travel time spent in this place.
 C = Inter-level travel time spent in this place.
 D = Time resting spent in this place.
 E = Time spent auto-exploring this place.
 F = Levels seen in this place.
 G = Mean time per level.
                   A        B        C        D        E       F      G
               +--------+--------+--------+--------+--------+-----+--------+
         Total |  10739 |  10332 |    407 |    522 |   5555 |  14 |  767.1 |
       Dungeon |  10474 |  10067 |    407 |    522 |   5433 |  11 |  952.2 |
        Temple |    120 |    120 |      0 |      0 |    106 |   1 |  120.0 |
          Lair |     33 |     33 |      0 |      0 |      0 |   1 |   33.0 |
         Sewer |    111 |    111 |      0 |      0 |     16 |   1 |  111.0 |
               +--------+--------+--------+--------+--------+-----+--------+

Top non-repeatable levels by time:
    D:10: 1337 daAuts
     D:6: 1301 daAuts
     D:4: 1208 daAuts
     D:3: 1049 daAuts
     D:8: 1013 daAuts
    D:11: 964 daAuts
     D:9: 867 daAuts
     D:5: 779 daAuts
     D:2: 737 daAuts
     D:1: 669 daAuts
     D:7: 546 daAuts
  Temple: 120 daAuts
   Sewer: 111 daAuts
  Lair:1: 33 daAuts
